[Event "ICC tourney 2394 (75 10)"]
[Site "Internet Chess Club"]
[Date "2021.02.20"]
[Round "2"]
[White "sushanth777"]
[Black "proabhi19"]
[Result "1/2-1/2"]
[ICCResult "Game drawn by mutual agreement"]
[WhiteElo "822"]
[BlackElo "1218"]
[Opening "Sicilian: Alapin's variation (2.c3)"]
[ECO "B22"]
[NIC "SI.46"]
[Time "14:32:23"]
[PlyCount "56"]
[TimeControl "4500+10"]

1. e4 c5 2. c3 d5 3. exd5 Qxd5 4. Nf3 Bg4 5. Be2 Nc6 6. d4 cxd4 7. cxd4 e6
8. O-O Nf6 9. Nc3 Qd8 10. Be3 Be7 11. a3 a5 12. Qc2 O-O 13. Rfd1 Bd6 14.
Ne5 Bxe2 15. Qxe2 Qe7 16. Bg5 h6 17. Bxf6 gxf6 18. Nxc6 bxc6 19. Qf3 Ra6
20. Ne4 f5 21. Nxd6 Qxd6 22. Qh5 Kh7 23. Rd3 Qe7 24. Qe2 Ra7 25. Rc1 Rc8
26. Rdc3 Qd7 27. Qd2 Qe8 28. Rh3 Qf8 { Game drawn by mutual agreement }
1/2-1/2

[Event "ICC tourney 2394 (75 10)"]
[Site "Internet Chess Club"]
[Date "2021.02.20"]
[Round "2"]
[White "alexanderllanos"]
[Black "ruthvikal"]
[Result "0-1"]
[ICCResult "White resigns"]
[WhiteElo "1240"]
[BlackElo "397"]
[Opening "QGA: classical variation, 6.O-O"]
[ECO "D26"]
[NIC "QG.03"]
[Time "14:32:57"]
[PlyCount "68"]
[TimeControl "4500+10"]

1. d4 d5 2. c4 dxc4 3. e3 e6 4. Bxc4 c5 5. Nf3 Nf6 6. O-O Nc6 7. Ne5 cxd4
8. Qa4 Bd7 9. Nxd7 Qxd7 10. Bb5 Bd6 11. Rd1 O-O 12. Bxc6 bxc6 13. Rxd4 Qc7
14. g3 Rfd8 15. Nc3 Be5 16. Rc4 Rac8 17. e4 h6 18. Qc2 a5 19. Na4 Bd4 20.
Nc5 Bxc5 21. Rxc5 Qb6 22. Rc4 Rd4 23. b3 Rxc4 24. Qxc4 Qc7 25. Bb2 e5 26.
Rd1 Re8 27. f3 Qb6+ 28. Kg2 Rd8 29. Rxd8+ Qxd8 30. Bxe5 Qd2+ 31. Kh3 Qd7+
32. g4 Qd1 33. Qd4 Qxf3+ 34. Bg3 Qf1+ { White resigns } 0-1

[Event "ICC tourney 2394 (75 10)"]
[Site "Internet Chess Club"]
[Date "2021.02.20"]
[Round "2"]
[White "chess278"]
[Black "SGOLD9367"]
[Result "0-1"]
[ICCResult "White resigns"]
[WhiteElo "1323"]
[BlackElo "1173"]
[Opening "Réti: Nimzovich-Larsen attack"]
[ECO "A06"]
[NIC "QP.09"]
[Time "14:32:23"]
[PlyCount "102"]
[TimeControl "4500+10"]

1. Nf3 d5 2. b3 Nf6 3. Bb2 c5 4. e3 e6 5. Be2 Nc6 6. d4 Bd6 7. Ne5 Qc7 8.
f4 Ne4 9. O-O O-O 10. Nd2 Nf6 11. Bd3 cxd4 12. exd4 Qb6 13. Ndf3 h6 14. Kh1
Nb4 15. a3 Nxd3 16. Qxd3 Qc7 17. Rac1 a6 18. c4 dxc4 19. Rxc4 Qe7 20. b4
Nd5 21. Qd2 Qf6 22. g3 b5 23. Rcc1 Rd8 24. Nc6 Rd7 25. Nfe5 Rc7 26. Na5 Qf5
27. Rfe1 f6 28. Rxc7 Bxc7 29. Qd3 fxe5 30. Qxf5 exf5 31. dxe5 Be6 32. Rc1
Bxa5 33. bxa5 Rc8 34. Rxc8+ Bxc8 35. Bd4 Kf7 36. Bc5 Bb7 37. Kg1 Nc7 38.
Kf2 g6 39. Ke3 Ne6 40. Bd6 Be4 41. h4 Ke8 42. g4 Kd7 43. g5 hxg5 44. hxg5
Kc6 45. Bb4 Kd5 46. Bd6 Nd4 47. Bf8 Nc6 48. Bb4 Nxb4 49. axb4 Kc4 50. e6
Bd5 51. e7 Bf7 { White resigns } 0-1

[Event "ICC tourney 2394 (75 10)"]
[Site "Internet Chess Club"]
[Date "2021.02.20"]
[Round "3"]
[White "grandmasted"]
[Black "sstao17"]
[Result "1-0"]
[ICCResult "Black checkmated"]
[WhiteElo "827"]
[BlackElo "633"]
[Opening "Grünfeld: Three knights variation"]
[ECO "D90"]
[NIC "GI.03"]
[Time "18:01:28"]
[PlyCount "67"]
[TimeControl "4500+10"]

1. d4 Nf6 2. c4 g6 3. Nc3 d5 4. Nf3 dxc4 5. e4 e6 6. Bxc4 Nc6 7. Bb5 Bd7 8.
a3 Bg7 9. Bg5 Qc8 10. e5 Nd5 11. Nxd5 exd5 12. Bf6 O-O 13. Bxg7 Kxg7 14.
O-O a6 15. Bd3 Bf5 16. h3 Bxd3 17. Qxd3 Nd8 18. Rfe1 c6 19. b4 b5 20. a4
Rb8 21. a5 Ra8 22. Ng5 Re8 23. Qf3 Re6 24. Nxe6+ fxe6 25. Qf6+ Kg8 26. Re3
Qd7 27. Rf3 Qe8 28. Rf4 Ra7 29. Qh4 Rf7 30. Rxf7 Kxf7 31. Qxh7+ Kf8 32. Ra3
Nf7 33. Rf3 Qe7 34. Qh8# { Black checkmated } 1-0

[Event "ICC tourney 2394 (75 10)"]
[Site "Internet Chess Club"]
[Date "2021.02.20"]
[Round "3"]
[White "nikhilramkumar"]
[Black "Shashank8"]
[Result "1-0"]
[ICCResult "Black resigns"]
[WhiteElo "583"]
[BlackElo "495"]
[Opening "Caro-Kann defense"]
[ECO "B11"]
[NIC "CK.01"]
[Time "18:01:55"]
[PlyCount "83"]
[TimeControl "4500+10"]

1. e4 c6 2. Nc3 d5 3. exd5 cxd5 4. d4 Nc6 5. Nf3 Bf5 6. Bb5 Nf6 7. Ne5 Qc7
8. Bf4 Qc8 9. Bxc6+ bxc6 10. O-O e6 11. Re1 c5 12. dxc5 Bxc5 13. Na4 Be7
14. Nc3 O-O 15. Qf3 Nd7 16. Qg3 Bf6 17. h3 Qb7 18. Nxd7 Qxd7 19. Be5 Bxe5
20. Qxe5 Rab8 21. Rac1 Rxb2 22. Re2 Rc8 23. Qg3 Rb4 24. Nd1 h6 25. Ne3 Bg6
26. h4 d4 27. Ng4 d3 28. Ne5 d2 29. Rd1 Qd5 30. Rexd2 Qxa2 31. c3 Rb2 32.
Rd8+ Rxd8 33. Rxd8+ Kh7 34. Nxg6 fxg6 35. Rd7 Rb1+ 36. Kh2 Qa5 37. c4 Qh5
38. Rxa7 Rc1 39. Rc7 Qd1 40. Qe5 Qh1+ 41. Kg3 Rc3+ 42. Qxc3 { Black resigns
} 1-0

[Event "ICC tourney 2394 (75 10)"]
[Site "Internet Chess Club"]
[Date "2021.02.20"]
[Round "3"]
[White "evelynhuang"]
[Black "ggmurthy"]
[Result "1-0"]
[ICCResult "Black checkmated"]
[WhiteElo "772"]
[BlackElo "564"]
[Opening "Scotch opening"]
[ECO "C44"]
[NIC "KP.10"]
[Time "18:01:39"]
[PlyCount "55"]
[TimeControl "4500+10"]

1. e4 e5 2. Nf3 Nc6 3. d4 d6 4. Bc4 Nf6 5. Ng5 d5 6. dxe5 dxc4 7. Qxd8+
Nxd8 8. exf6 gxf6 9. Nf3 Rg8 10. O-O Bh3 11. Nh4 Be7 12. Kh1 Bg4 13. Nc3 f5
14. Nxf5 Bxf5 15. exf5 Nc6 16. Re1 O-O-O 17. Bf4 Bd6 18. Be3 Rge8 19. Nb5
Bb4 20. c3 Ba5 21. Bg5 Rxe1+ 22. Rxe1 Rg8 23. Bf4 Bb6 24. f3 Bf2 25. Rd1 a6
26. Nxc7 Bb6 27. Nd5 Rd8 28. Nxb6# { Black checkmated } 1-0

[Event "ICC tourney 2394 (75 10)"]
[Site "Internet Chess Club"]
[Date "2021.02.20"]
[Round "3"]
[White "oecooke"]
[Black "ChessMaster346"]
[Result "1/2-1/2"]
[ICCResult "White stalemated"]
[WhiteElo "1022"]
[BlackElo "1016"]
[Opening "Scotch opening"]
[ECO "C44"]
[NIC "KP.10"]
[Time "18:01:41"]
[PlyCount "108"]
[TimeControl "4500+10"]

1. e4 e5 2. Nf3 Nc6 3. d4 d6 4. dxe5 dxe5 5. Qxd8+ Nxd8 6. Nxe5 Nf6 7. Bc4
Nxe4 8. O-O Bd6 9. Re1 Bf5 10. Bf4 O-O 11. f3 Bc5+ 12. Be3 Bxe3+ 13. Rxe3
Nd6 14. Na3 Nxc4 15. Naxc4 Ne6 16. Rd1 f6 17. Nd7 Rfe8 18. Rde1 Kf7 19. c3
Rad8 20. Rd1 Ke7 21. g4 Rxd7 22. Rxd7+ Kxd7 23. gxf5 Nf4 24. Rxe8 Kxe8 25.
Na5 b6 26. Nc6 a5 27. a4 Kd7 28. Nb8+ Kd6 29. Kf2 Nd3+ 30. Ke2 Nxb2 31. Kd2
Nxa4 32. Na6 c5 33. c4 Kc6 34. Nb8+ Kb7 35. Nd7 Ka6 36. Nf8 g6 37. Nxh7
gxf5 38. Nxf6 b5 39. cxb5+ Kxb5 40. h4 c4 41. h5 c3+ 42. Kc2 Nb2 43. Kxc3
Nc4 44. h6 Ne5 45. Nd7 Ng6 46. h7 Nh8 47. Nf8 a4 48. Kb2 Kb4 49. Ng6 Nxg6
50. f4 a3+ 51. Ka2 Ka4 52. Ka1 Kb3 53. Kb1 a2+ 54. Ka1 Nh8 { White
stalemated } 1/2-1/2

[Event "ICC tourney 2394 (75 10)"]
[Site "Internet Chess Club"]
[Date "2021.02.20"]
[Round "3"]
[White "thanhcaptures"]
[Black "BotanicalKnight"]
[Result "0-1"]
[ICCResult "White checkmated"]
[WhiteElo "1130"]
[BlackElo "1386"]
[Opening "Caro-Kann: advance variation"]
[ECO "B12"]
[NIC "CK.04"]
[Time "18:01:33"]
[PlyCount "70"]
[TimeControl "4500+10"]

1. e4 c6 2. d4 d5 3. e5 Bf5 4. Nc3 Qb6 5. g4 Bd7 6. Nge2 Bxg4 7. Bg2 e6 8.
f3 Bh5 9. Nf4 Bg6 10. Nxg6 hxg6 11. a4 Nd7 12. a5 Qc7 13. Bf4 a6 14. Qe2 c5
15. Be3 cxd4 16. Bxd4 Bb4 17. O-O Bxa5 18. f4 Nh6 19. Ra4 O-O 20. Rfa1 Bb6
21. Qf2 Bxd4 22. Qxd4 Nf5 23. Qb4 Rac8 24. Bf1 Ne3 25. Bd3 Nc5 26. Ra5 Nxd3
27. cxd3 Nc2 28. Qa4 Nxa1 29. Qxa1 Qb6+ 30. Kh1 Qe3 31. Qf1 d4 32. Nd1 Qd2
33. Ra1 Rc2 34. Qh3 Qe1+ 35. Qf1 Qxf1# { White checkmated } 0-1

[Event "ICC tourney 2394 (75 10)"]
[Site "Internet Chess Club"]
[Date "2021.02.20"]
[Round "3"]
[White "kstao17"]
[Black "itg"]
[Result "1/2-1/2"]
[ICCResult "Game drawn by mutual agreement"]
[WhiteElo "721"]
[BlackElo "881"]
[Opening "Ruy Lopez: Berlin defense, Beverwijk variation"]
[ECO "C64"]
[NIC "RL.01"]
[Time "18:01:26"]
[PlyCount "31"]
[TimeControl "4500+10"]

1. e4 e5 2. Nf3 Nc6 3. Bb5 Bc5 4. O-O Nf6 5. d3 d6 6. Nc3 Be6 7. Qe2 O-O 8.
Be3 a6 9. Bxc5 dxc5 10. Bxc6 bxc6 11. a3 Bg4 12. h3 Bh5 13. Rab1 g5 14. g4
Nxg4 15. hxg4 Bxg4 16. Kg2 { Game drawn by mutual agreement } 1/2-1/2

[Event "ICC tourney 2394 (75 10)"]
[Site "Internet Chess Club"]
[Date "2021.02.20"]
[Round "3"]
[White "kitook"]
[Black "BlackBeltJ"]
[Result "0-1"]
[ICCResult "White checkmated"]
[WhiteElo "659"]
[BlackElo "1180"]
[Opening "Scandinavian defense"]
[ECO "B01"]
[NIC "SD.03"]
[Time "18:01:30"]
[PlyCount "154"]
[TimeControl "4500+10"]

1. e4 d5 2. exd5 Nf6 3. Nc3 Nxd5 4. Nxd5 Qxd5 5. Nf3 Nc6 6. d4 Bg4 7. Be3
O-O-O 8. c4 Qh5 9. Be2 e5 10. d5 Bb4+ 11. Bd2 Bxd2+ 12. Qxd2 Rhe8 13. h3
Nd4 14. Nxd4 exd4 15. f3 Bd7 16. Qxd4 b6 17. Qxg7 Rg8 18. Qd4 Rxg2 19. Qd3
Re8 20. Kf1 Bxh3 21. Ke1 Qf5 22. Kd1 Qxd3+ 23. Bxd3 Re3 24. Bxh7 Rxf3 25.
Be4 Bg4 26. Bxf3 Bxf3+ 27. Ke1 Re2+ 28. Kf1 Rxb2 29. Rh8+ Kb7 30. Rf8 Be2+
31. Ke1 Bxc4 32. Rxf7 Bxd5 33. Rf2 Rb4 34. Rd2 Rh4 35. Kf2 c6 36. Kg3 Ra4
37. Rb2 Ra3+ 38. Kf2 Rf3+ 39. Ke2 Rf8 40. a4 a5 41. Rab1 Bc4+ 42. Ke3 b5
43. axb5 cxb5 44. Ra1 Ka6 45. Kd4 Rd8+ 46. Kc3 Rd3+ 47. Kc2 Rh3 48. Rb4
Rh2+ 49. Kc3 Rh3+ 50. Kd2 Rd3+ 51. Kc2 Rh3 52. Kd2 Rh2+ 53. Kc3 Rh3+ 54.
Kc2 Rh8 55. Kc3 Rc8 56. Kb2 a4 57. Kc3 Ka5 58. Rbb1 Ba2+ 59. Kb2 Bxb1 60.
Kxb1 b4 61. Kb2 Rc3 62. Ka2 Ra3+ 63. Kb2 Rxa1 64. Kxa1 b3 65. Kb2 Kb4 66.
Kb1 Kc3 67. Kc1 a3 68. Kb1 a2+ 69. Ka1 b2+ 70. Kxa2 Kc2 71. Ka3 b1=Q 72.
Ka4 Qb3+ 73. Ka5 Kc3 74. Ka6 Kc4 75. Ka7 Kc5 76. Ka8 Kc6 77. Ka7 Qb7# {
White checkmated } 0-1

[Event "ICC tourney 2394 (75 10)"]
[Site "Internet Chess Club"]
[Date "2021.02.20"]
[Round "3"]
[White "MeLikeGame"]
[Black "bshesh131"]
[Result "0-1"]
[ICCResult "White checkmated"]
[WhiteElo "1341"]
[BlackElo "1033"]
[Opening "Giuoco Piano: Möller (Therkatz) attack"]
[ECO "C54"]
[NIC "IG.02"]
[Time "18:01:33"]
[PlyCount "116"]
[TimeControl "4500+10"]

1. e4 e5 2. Nf3 Nc6 3. Bc4 Bc5 4. c3 Nf6 5. d4 exd4 6. cxd4 Bb4+ 7. Nc3
Nxe4 8. O-O Bxc3 9. d5 Ne7 10. bxc3 d6 11. Qc2 Nc5 12. Bg5 O-O 13. Rfe1 Re8
14. Qe2 f6 15. Bh4 Bg4 16. h3 Bxf3 17. Qxf3 Qd7 18. Be2 Ng6 19. Bg3 Ne4 20.
Bd3 Nxg3 21. Qxg3 Rxe1+ 22. Rxe1 Re8 23. Rb1 b6 24. Bxg6 hxg6 25. Qxg6 a5
26. Rd1 Qe7 27. Rd4 Qe1+ 28. Kh2 Re7 29. Rh4 Qe5+ 30. f4 Qxd5 31. Qh7+ Kf7
32. Rg4 Kf8 33. Qh8+ Qg8 34. Qh5 Qxa2 35. Rh4 Qe6 36. Qg6 Rf7 37. Rh8+ Ke7
38. Qh7 Kd7 39. Qg8 Re7 40. Qc8+ Kc6 41. Qa8+ Kc5 42. Rh5+ d5 43. Qa6 Qe3
44. Qf1 Qxc3 45. Qd1 c6 46. Qg1+ Qe3 47. Qf1 Qe1 48. Qd3 Re3 49. Qc2+ Qc3
50. Qf2 Qe1 51. Qc2+ Kb4 52. Qb2+ Kc5 53. Qc2+ Kb4 54. Qb2+ Rb3 55. Qd4+
Ka3 56. Rf5 Qg3+ 57. Kg1 Rb1+ 58. Qd1 Rxd1# { White checkmated } 0-1

[Event "ICC tourney 2394 (75 10)"]
[Site "Internet Chess Club"]
[Date "2021.02.20"]
[Round "3"]
[White "iszerencsy"]
[Black "sushanth777"]
[Result "1-0"]
[ICCResult "Black checkmated"]
[WhiteElo "1371"]
[BlackElo "822"]
[Opening "Giuoco Piano"]
[ECO "C54"]
[NIC "IG.02"]
[Time "18:01:27"]
[PlyCount "49"]
[TimeControl "4500+10"]

1. e4 e5 2. Nf3 Nc6 3. Bc4 Bc5 4. c3 Nf6 5. d4 exd4 6. e5 Ng4 7. cxd4 Bb4+
8. Nc3 d6 9. h3 dxe5 10. hxg4 exd4 11. O-O dxc3 12. Re1+ Be7 13. Qb3 O-O
14. Bf4 cxb2 15. Rad1 Bd7 16. Qxb2 Qc8 17. g5 Bg4 18. Bd5 Rd8 19. Qb3 Bxf3
20. Qxf3 Bf8 21. Bxf7+ Kh8 22. g6 Nd4 23. Qh5 h6 24. Be5 Qf5 25. Qxh6# {
Black checkmated } 1-0

[Event "ICC tourney 2394 (75 10)"]
[Site "Internet Chess Club"]
[Date "2021.02.20"]
[Round "3"]
[White "gmstuartscott"]
[Black "drquinzel"]
[Result "0-1"]
[ICCResult "White checkmated"]
[WhiteElo "981"]
[BlackElo "704"]
[Opening "QGD: Marshall defense"]
[ECO "D06"]
[NIC "QP.08"]
[Time "18:02:04"]
[PlyCount "66"]
[TimeControl "4500+10"]

1. d4 d5 2. c4 Nf6 3. Nf3 e6 4. Bf4 Bb4+ 5. Nc3 Bxc3+ 6. bxc3 O-O 7. e3 Re8
8. Bd3 Nc6 9. O-O b6 10. Bg5 Ba6 11. Bxf6 Qxf6 12. Be2 dxc4 13. Qa4 Bb7 14.
Bxc4 Na5 15. Bb5 Rec8 16. Be2 Bc6 17. Qb4 Bd5 18. c4 Be4 19. c5 Nc6 20. Qc3
bxc5 21. Qxc5 Rd8 22. Ne5 Qg5 23. g3 Nxe5 24. dxe5 Rd5 25. Qxc7 Qxe5 26.
Qc4 Rad8 27. Rac1 h6 28. Qa4 Rd2 29. Rcd1 Qd5 30. Qxa7 Rxd1 31. Bxd1 Qxd1
32. Qa6 Qf3 33. Qc4 Qg2# { White checkmated } 0-1

[Event "ICC tourney 2394 (75 10)"]
[Site "Internet Chess Club"]
[Date "2021.02.20"]
[Round "3"]
[White "Yeetamus123"]
[Black "KasperH"]
[Result "1-0"]
[ICCResult "Black resigns"]
[WhiteElo "1320"]
[BlackElo "1077"]
[Opening "Scotch: Potter variation"]
[ECO "C45"]
[NIC "SO.05"]
[Time "18:01:22"]
[PlyCount "57"]
[TimeControl "4500+10"]

1. e4 e5 2. Nf3 Nc6 3. d4 exd4 4. Nxd4 Bc5 5. Nb3 Bb6 6. Nc3 h6 7. Qe2 d6
8. Be3 Bxe3 9. Qxe3 Nf6 10. f3 O-O 11. O-O-O Re8 12. h4 Nh5 13. Qf2 Qf6 14.
Nd5 Qd8 15. g4 Nf6 16. g5 hxg5 17. hxg5 Nxd5 18. Rxd5 Be6 19. Qh4 Kf8 20.
Nd4 Bxd5 21. Nf5 f6 22. Qh8+ Kf7 23. Qxg7+ Ke6 24. Bh3 Rf8 25. f4 Rf7 26.
Nh6+ Ke7 27. gxf6+ Ke8 28. Nxf7 Bxf7 29. Qh8+ { Black resigns } 1-0

[Event "ICC tourney 2394 (75 10)"]
[Site "Internet Chess Club"]
[Date "2021.02.20"]
[Round "3"]
[White "DanielGuan"]
[Black "nguyencaptures"]
[Result "1-0"]
[ICCResult "Black checkmated"]
[WhiteElo "1286"]
[BlackElo "1050"]
[Opening "QGD Slav defense: exchange variation"]
[ECO "D10"]
[NIC "SL.01"]
[Time "18:01:25"]
[PlyCount "49"]
[TimeControl "4500+10"]

1. d4 d5 2. c4 c6 3. cxd5 cxd5 4. Nc3 Nf6 5. Bg5 e6 6. Nf3 Nc6 7. e3 Bd6 8.
Bb5 O-O 9. O-O Bd7 10. a3 h6 11. Bh4 Re8 12. Ba4 a6 13. Bc2 e5 14. dxe5
Nxe5 15. Nxd5 Bg4 16. Nxf6+ gxf6 17. Kh1 Bxf3 18. gxf3 Ng6 19. Rg1 Kg7 20.
Qd3 Kh8 21. Rxg6 fxg6 22. Qxg6 f5 23. Bxf5 Qe7 24. Bf6+ Qxf6 25. Qh7# {
Black checkmated } 1-0

[Event "ICC tourney 2394 (75 10)"]
[Site "Internet Chess Club"]
[Date "2021.02.20"]
[Round "3"]
[White "prostripe"]
[Black "Ldon22"]
[Result "1-0"]
[ICCResult "Black checkmated"]
[WhiteElo "1246"]
[BlackElo "988"]
[Opening "King's Indian: London system"]
[ECO "A45"]
[NIC "QP.03"]
[Time "18:01:26"]
[PlyCount "133"]
[TimeControl "4500+10"]

1. d4 Nf6 2. Bf4 g6 3. Nf3 Bg7 4. Nc3 O-O 5. e3 d6 6. Bc4 Nh5 7. Bg5 h6 8.
Bh4 Bg4 9. h3 Bd7 10. Ne2 g5 11. Bg3 Nxg3 12. Nxg3 e5 13. Nh5 Bh8 14. c3 g4
15. hxg4 Bxg4 16. Qc2 d5 17. Be2 e4 18. Ne5 Bxe2 19. Qxe2 Bxe5 20. Qg4+ Qg5
21. Qxg5+ hxg5 22. dxe5 c6 23. Nf6+ Kg7 24. O-O-O Rh8 25. Rxh8 Kxh8 26.
Rh1+ Kg7 27. Rh7+ Kf8 28. Rh8+ Ke7 29. Rg8 a6 30. f3 exf3 31. gxf3 Ke6 32.
Rxg5 Nd7 33. Nxd7 Kxd7 34. f4 Rf8 35. Kd2 f6 36. Rg7+ Kc8 37. e6 f5 38. Rf7
Re8 39. e7 Kd7 40. Rxf5 Rxe7 41. Kd3 Kd6 42. Rf6+ Kc5 43. b4+ Kb5 44. f5 b6
45. Re6 Rf7 46. f6 c5 47. bxc5 bxc5 48. e4 dxe4+ 49. Kxe4 Kc4 50. Ke5 Kxc3
51. Rxa6 Kc4 52. Ke6 Rh7 53. Ra8 Rh6 54. Ke7 Rh7+ 55. f7 Kd4 56. Ke8 Rh8+
57. f8=Q Rxf8+ 58. Kxf8 c4 59. Ke7 c3 60. Kd6 Kc4 61. Rc8+ Kb4 62. Kd5 Ka3
63. Rxc3+ Kxa2 64. Kc4 Kb2 65. Kd3 Ka2 66. Kc2 Ka1 67. Ra3# { Black
checkmated } 1-0

[Event "ICC tourney 2394 (75 10)"]
[Site "Internet Chess Club"]
[Date "2021.02.20"]
[Round "3"]
[White "proabhi19"]
[Black "VirginiaGuy"]
[Result "1/2-1/2"]
[ICCResult "Game drawn by repetition"]
[WhiteElo "1218"]
[BlackElo "1200"]
[Opening "Ruy Lopez (Spanish opening)"]
[ECO "C68"]
[NIC "RL.01"]
[Time "18:01:34"]
[PlyCount "56"]
[TimeControl "4500+10"]

1. e4 e5 2. Nf3 Nc6 3. Bb5 a6 4. Bc4 Nf6 5. Qe2 Be7 6. O-O O-O 7. Rd1 d6 8.
h3 Be6 9. Bxe6 fxe6 10. d4 exd4 11. Nxd4 Nxd4 12. Rxd4 e5 13. Rd1 Qc8 14.
Nc3 Qe6 15. Be3 Rad8 16. a3 Qf7 17. Bg5 Ne8 18. Bxe7 Qxe7 19. Nd5 Qf7 20.
c4 Nf6 21. Nxf6+ Qxf6 22. b4 c6 23. Rac1 Qf4 24. Rc3 Qf7 25. Rf3 Qe6 26.
Rc3 Qf7 27. Rf3 Qe6 28. Rc3 Qf7 { Game drawn by repetition } 1/2-1/2

[Event "ICC tourney 2394 (75 10)"]
[Site "Internet Chess Club"]
[Date "2021.02.20"]
[Round "3"]
[White "GradyL"]
[Black "auggie29"]
[Result "0-1"]
[ICCResult "White checkmated"]
[WhiteElo "1046"]
[BlackElo "1306"]
[Opening "Sicilian: Grand Prix attack"]
[ECO "B23"]
[NIC "SI.44"]
[Time "18:01:24"]
[PlyCount "64"]
[TimeControl "4500+10"]

1. e4 c5 2. Nc3 Nc6 3. f4 e6 4. Nf3 d5 5. d3 Nf6 6. Be2 Be7 7. O-O O-O 8.
Qe1 dxe4 9. dxe4 Nd4 10. Bd3 Nxf3+ 11. Rxf3 c4 12. Bxc4 Qd4+ 13. Kh1 Qxc4
14. e5 Nd5 15. Nxd5 exd5 16. Qf2 Bg4 17. Rc3 Qe2 18. Qxe2 Bxe2 19. Rg3 Rac8
20. f5 g6 21. Bh6 Rfe8 22. Re1 Rxc2 23. f6 Bb4 24. Rb1 d4 25. a3 Bd2 26.
Bg7 d3 27. b4 Bf4 28. Rh3 d2 29. g3 Bf3+ 30. Kg1 Be3+ 31. Kf1 Rc1+ 32. Rxc1
dxc1=Q# { White checkmated } 0-1

[Event "ICC tourney 2394 (75 10)"]
[Site "Internet Chess Club"]
[Date "2021.02.20"]
[Round "3"]
[White "salamenceg"]
[Black "chess278"]
[Result "1/2-1/2"]
[ICCResult "Game drawn by mutual agreement"]
[WhiteElo "1069"]
[BlackElo "1323"]
[Opening "Caro-Kann: advance variation"]
[ECO "B12"]
[NIC "CK.04"]
[Time "18:02:15"]
[PlyCount "51"]
[TimeControl "4500+10"]

1. e4 c6 2. d4 d5 3. e5 Bf5 4. Nf3 e6 5. Bf4 Ne7 6. Nbd2 Nd7 7. c4 Ng6 8.
Be3 Be7 9. cxd5 cxd5 10. Qb3 b6 11. Bb5 O-O 12. Qa4 Nb8 13. Be2 a6 14. Qb3
b5 15. Bd3 Bxd3 16. Qxd3 Nc6 17. a3 Rc8 18. O-O Na5 19. b4 Nc4 20. Rac1 Qd7
21. g3 Rc7 22. Bg5 Rfc8 23. Nb3 Bxg5 24. Nxg5 Qe7 25. f4 h6 26. Nf3 { Game
drawn by mutual agreement } 1/2-1/2

[Event "ICC tourney 2394 (75 10)"]
[Site "Internet Chess Club"]
[Date "2021.02.20"]
[Round "3"]
[White "ruthvikal"]
[Black "thihansa"]
[Result "0-1"]
[ICCResult "White checkmated"]
[WhiteElo "397"]
[BlackElo "1268"]
[Opening "French: advance, Milner-Barry gambit"]
[ECO "C02"]
[NIC "FR.03"]
[Time "18:01:31"]
[PlyCount "108"]
[TimeControl "4500+10"]

1. e4 e6 2. d4 d5 3. e5 c5 4. c3 Nc6 5. Nf3 Qb6 6. Bd3 cxd4 7. cxd4 Bd7 8.
Bc2 Nge7 9. Nc3 Nf5 10. Bxf5 exf5 11. Nxd5 Qa5+ 12. Nc3 Bb4 13. Bd2 Be6 14.
a3 Bxc3 15. Bxc3 Qd5 16. O-O O-O 17. Rc1 Rfd8 18. Qc2 Qe4 19. Qxe4 fxe4 20.
Ng5 Nxd4 21. Bxd4 Rxd4 22. Rcd1 Rad8 23. Rc1 h6 24. Nxe6 fxe6 25. h3 R4d5
26. Rc7 R5d7 27. Rxd7 Rxd7 28. Re1 Rd4 29. g3 Kf7 30. Kg2 Kg6 31. g4 h5 32.
Kg3 hxg4 33. Kxg4 e3+ 34. Kf3 exf2 35. Kxf2 Kf5 36. Kf3 Rd3+ 37. Re3 Rxe3+
38. Kxe3 Kxe5 39. Kf3 Kd4 40. h4 e5 41. h5 e4+ 42. Kg4 e3 43. Kg5 e2 44.
Kg6 e1=Q 45. Kxg7 Qg3+ 46. Kh8 Qh4 47. Kg7 Qxh5 48. Kf6 Qd5 49. Kg7 Qe6 50.
Kh7 Qf6 51. Kg8 Qe7 52. Kh8 Ke5 53. Kg8 Kf6 54. Kh8 Qg7# { White checkmated
} 0-1

[Event "ICC tourney 2394 (75 10)"]
[Site "Internet Chess Club"]
[Date "2021.02.20"]
[Round "3"]
[White "arjunsaravanan"]
[Black "Harshi28"]
[Result "0-1"]
[ICCResult "White checkmated"]
[WhiteElo "1188"]
[BlackElo "420"]
[Opening "English opening"]
[ECO "A22"]
[NIC "EO.10"]
[Time "18:01:28"]
[PlyCount "56"]
[TimeControl "4500+10"]

1. c4 e5 2. Nc3 Nf6 3. d3 d5 4. Nf3 Nc6 5. cxd5 Nxd5 6. Qb3 Bb4 7. Bd2 Be6
8. Qc2 O-O 9. Ng5 Nd4 10. Qb1 Rc8 11. Nxe6 fxe6 12. e3 Nc6 13. Qc2 Qf6 14.
Ne4 Qf5 15. Bxb4 Ncxb4 16. Qb3 c5 17. a3 c4 18. dxc4 Qxe4 19. axb4 Nb6 20.
c5 Nd5 21. Qc4 Qf5 22. Qe2 Nxb4 23. Rxa7 Rxc5 24. e4 Nc2+ 25. Kd1 Rd8+ 26.
Kc1 Na3+ 27. Qc4 Rxc4+ 28. Bxc4 Qf4# { White checkmated } 0-1

[Event "ICC tourney 2394 (75 10)"]
[Site "Internet Chess Club"]
[Date "2021.02.20"]
[Round "3"]
[White "oxdidi"]
[Black "srikarl99"]
[Result "0-1"]
[ICCResult "White resigns"]
[WhiteElo "993"]
[BlackElo "749"]
[Opening "Giuoco Pianissimo"]
[ECO "C55"]
[NIC "IG.01"]
[Time "18:02:15"]
[PlyCount "109"]
[TimeControl "4500+10"]

1. e4 e5 2. Nf3 Nc6 3. Bc4 Nf6 4. d3 Bc5 5. c3 a5 6. Nbd2 O-O 7. O-O d6 8.
h3 Be6 9. Bb3 Qe7 10. Re1 Rfd8 11. Nf1 b5 12. Ng3 a4 13. Bxe6 Qxe6 14. Nf5
Ne7 15. N3h4 Nxf5 16. Nxf5 d5 17. Ng3 dxe4 18. Nxe4 Nxe4 19. Rxe4 Qf5 20.
Qe2 Re8 21. d4 Bd6 22. dxe5 Rxe5 23. Rxe5 Bxe5 24. Qg4 Qxg4 25. hxg4 Rd8
26. Bg5 f6 27. Bh4 g5 28. Bg3 Bxg3 29. fxg3 Rd2 30. Rb1 Rd3 31. Kh2 c6 32.
Kh3 Kg7 33. Re1 Kg6 34. Re7 Rd1 35. Kh2 Rd2 36. Rc7 Rxb2 37. Rxc6 Rxa2 38.
Rc5 Rb2 39. c4 bxc4 40. Rxc4 Ra2 41. Kg1 a3 42. Ra4 Kf7 43. Ra7+ Kg6 44.
Kf1 h6 45. Ra6 h5 46. gxh5+ Kxh5 47. Rxf6 Kg4 48. Ra6 Kxg3 49. Ra5 g4 50.
Re5 Rf2+ 51. Ke1 a2 52. Ra5 Rxg2 53. Kd1 a1=Q+ 54. Rxa1 Rg1+ 55. Ke2 {
White resigns } 0-1

[Event "ICC tourney 2394 (75 10)"]
[Site "Internet Chess Club"]
[Date "2021.02.20"]
[Round "3"]
[White "DevajVadher"]
[Black "aryasaravanan"]
[Result "1-0"]
[ICCResult "Black checkmated"]
[WhiteElo "913"]
[BlackElo "1214"]
[Opening "Sicilian"]
[ECO "B50"]
[NIC "SI.01"]
[Time "18:02:05"]
[PlyCount "107"]
[TimeControl "4500+10"]

1. e4 c5 2. Nf3 d6 3. Bc4 Nf6 4. d3 Nc6 5. h3 g6 6. Nc3 Bg7 7. Be3 Nd7 8.
O-O Nde5 9. Bb5 Bd7 10. Bxc6 Nxc6 11. Re1 O-O 12. Qd2 Qb6 13. Rab1 Nd4 14.
Nh2 e6 15. Ng4 h5 16. Nh6+ Kh7 17. g4 Nxc2 18. Qxc2 Bxh6 19. Bxh6 Kxh6 20.
gxh5 gxh5 21. Qd2+ Kh7 22. Kh2 Rg8 23. Rg1 d5 24. Qf4 Qd8 25. Qxf7+ Kh6 26.
Rxg8 Qxg8 27. Qxd7 Rd8 28. Qxb7 Qg5 29. Qc7 h4 30. Rg1 Qf6 31. Qxc5 Qf4+
32. Kh1 Qf3+ 33. Rg2 Rg8 34. Qe3+ Qxe3 35. fxe3 Rxg2 36. Kxg2 dxe4 37. Nxe4
Kg6 38. Kf3 Kf5 39. a4 Ke5 40. Kg4 Kd5 41. Kxh4 a5 42. Kg4 Ke5 43. h4 Kd5
44. h5 Ke5 45. h6 Kd5 46. h7 Ke5 47. h8=Q+ Kd5 48. Qd4+ Kc6 49. Qc5+ Kd7
50. Qd6+ Ke8 51. Nf6+ Kf7 52. Kg5 Kg7 53. Qd7+ Kh8 54. Qh7# { Black
checkmated } 1-0